[Event "Titled Tuesday Blitz August 24 2021"]
[White "Maiorov, Nikita"]
[Black "Srihari L R"]
[WhiteFideId "13501720"]
[BlackFideId "46617116"]
[WhiteElo "2598"]
[BlackElo "2713"]
[Result "1-0"]
[Round "09"]
[TimeControl "180+1"]
[Date "2021.08.24"]
[WhiteClock "0:01:10"]
[BlackClock "0:00:28"]

1. d4 d5 2. c4 e6 3. Nc3 c5 4. cxd5 exd5 5. Nf3 Nc6 6. g3 Nf6 7. Bg2 cxd4 8. Nxd4 Bc5 9. Nb3 Bb6 10. Na4 O-O 11. Nxb6 axb6 12. Be3 Re8 13. O-O Bg4 14. h3 Bh5 15. Re1 b5 16. Nd4 Rxe3 17. fxe3 Qd6 18. g4 Bxg4 19. hxg4 Nxg4 20. Nf3 Qg3 21. Qd2 Ra6 22. Rf1 Nce5 23. Qe1 Nxf3+ 24. Rxf3 Qh2+ 25. Kf1 Qh6 26. Qg3 Nh2+ 27. Kf2 Rd6 28. Rh1 1-0


[Site "https://www.chess.com"]

[Event "Titled Tuesday Blitz August 24 2021"]
[White "Makhnev, Denis"]
[Black "Lashkin, Jegor"]
[WhiteFideId "13707647"]
[BlackFideId "13907808"]
[WhiteElo "2537"]
[BlackElo "2293"]
[Result "0-1"]
[Round "09"]
[TimeControl "180+1"]
[Date "2021.08.24"]
[WhiteClock "0:00:01"]
[BlackClock "0:00:05"]

1. Nf3 d5 2. d4 Nf6 3. c4 e6 4. Nc3 Bb4 5. cxd5 exd5 6. Qa4+ Nc6 7. Bg5 h6 8. Bxf6 Qxf6 9. e3 O-O 10. Bb5 Bxc3+ 11. bxc3 Ne7 12. O-O Nf5 13. Bd3 Nd6 14. Ne5 c5 15. Nd7 Bxd7 16. Qxd7 Rfd8 17. Qc7 c4 18. Bc2 b6 19. Qc6 Qe6 20. Qa4 a5 21. Qa3 b5 22. Qb2 Rab8 23. a3 h5 24. Rae1 h4 25. f3 f5 26. Bb1 Re8 27. Re2 Re7 28. Rfe1 Qg6 29. Qc2 Rbe8 30. Qb2 Qh6 31. Qd2 Qg5 32. Qc1 g6 33. Qd2 Kg7 34. Qc1 Re6 35. Qd2 Qh5 36. Rf2 Qh6 37. Rfe2 R8e7 38. Qc1 Qh5 39. Rf2 h3 40. g3 Nf7 41. Bc2 Qh6 42. Rfe2 Ng5 43. Rf1 Qh5 44. Bd1 Nxf3+ 45. Kh1 Ng5 46. e4 Qh6 47. e5 Ne4 0-1


[Site "https://www.chess.com"]

[Event "Titled Tuesday Blitz August 24 2021"]
[White "Maltsevskaya, Aleksandra"]
[Black "Dang, Hoang Son"]
[WhiteFideId "24174041"]
[BlackFideId "12402435"]
[WhiteElo "2225"]
[BlackElo "2248"]
[Result "1-0"]
[Round "09"]
[TimeControl "180+1"]
[Date "2021.08.24"]
[WhiteClock "0:00:09"]
[BlackClock "0:00:17"]

1. Nf3 Nf6 2. g3 d5 3. d3 c5 4. Bg2 Nc6 5. O-O e6 6. Nbd2 Bd6 7. e4 O-O 8. Re1 Qc7 9. Qe2 dxe4 10. dxe4 e5 11. Nc4 Nd4 12. Qd1 Bg4 13. c3 Nxf3+ 14. Bxf3 Bxf3 15. Qxf3 b5 16. Nxd6 Qxd6 17. Bg5 Nd7 18. Rad1 Qe6 19. Rd5 Rac8 20. Red1 Nb6 21. Rd6 Qxa2 22. Rf6 gxf6 23. Bh6 f5 24. exf5 Kh8 25. f6 Rfd8 26. Qg4 Rxd1+ 27. Qxd1 Qe6 28. Bg7+ Kg8 29. Qh5 Nd7 30. Qg5 Nf8 31. Bh8+ Ng6 32. Qh6 1-0


[Site "https://www.chess.com"]

[Event "Titled Tuesday Blitz August 24 2021"]
[White "Martinez Reyes, Pedro Ramon"]
[Black "Nazaretyan, Tigran"]
[WhiteFideId "3901807"]
[BlackFideId "24162345"]
[WhiteElo "2398"]
[BlackElo "2167"]
[Result "0-1"]
[Round "09"]
[TimeControl "180+1"]
[Date "2021.08.24"]
[WhiteClock "0:00:22"]
[BlackClock "0:00:11"]

1. d4 Nf6 2. c4 c5 3. d5 b5 4. cxb5 a6 5. b6 d6 6. Nc3 Nbd7 7. e4 g6 8. Nf3 Bg7 9. Be2 O-O 10. Nd2 Nxb6 11. a4 a5 12. Bb5 e6 13. dxe6 Bxe6 14. O-O d5 15. exd5 Nfxd5 16. Nde4 Nxc3 17. bxc3 Qc7 18. Be3 Rfd8 19. Qf3 Bd5 20. Nf6+ Kh8 21. Nxd5 Nxd5 22. Bg5 f6 23. Rad1 fxg5 24. Rxd5 Rxd5 25. Qxd5 Rd8 26. Qf3 Qe5 27. c4 Rf8 28. Qd5 Qf4 29. g3 Qd4 30. Kg2 g4 31. Qxd4 cxd4 32. c5 Be5 33. Re1 Bb8 34. Bd7 Rd8 35. c6 Kg7 36. Re4 h5 37. Rxd4 Kf6 38. Rc4 Bc7 39. Rc5 Ke7 40. Rg5 Kf6 41. Rb5 Rb8 42. h3 Rxb5 43. axb5 gxh3+ 44. Bxh3 a4 45. g4 a3 46. gxh5 a2 47. b6 Bxb6 48. h6 a1=Q 49. h7 Kg7 50. c7 Bxc7 0-1


[Site "https://www.chess.com"]

[Event "Titled Tuesday Blitz August 24 2021"]
[White "Materia, Marco"]
[Black "Kamsky, Gata"]
[WhiteFideId "45150451"]
[BlackFideId "2000024"]
[WhiteElo "2680"]
[BlackElo "2644"]
[Result "1-0"]
[Round "09"]
[TimeControl "180+1"]
[Date "2021.08.24"]
[WhiteClock "0:00:20"]
[BlackClock "0:00:03"]

1. d4 f5 2. c4 Nf6 3. Nf3 g6 4. Nc3 d6 5. g3 Bg7 6. Bg2 O-O 7. O-O c6 8. Qc2 a5 9. Re1 Na6 10. a3 Nc7 11. Bg5 Ne6 12. Bxf6 Bxf6 13. Rad1 Bg7 14. e4 f4 15. e5 dxe5 16. Nxe5 Nxd4 17. Qe4 c5 18. Nb5 fxg3 19. hxg3 Ra6 20. Nxd4 cxd4 21. Qd5+ Qxd5 22. cxd5 Rb6 23. Nc4 Rbf6 24. f4 g5 25. fxg5 Rg6 26. Rxe7 b5 27. Nxa5 Rxg5 28. Kh2 Bf6 29. Re4 Be5 30. Rd3 Bd6 31. Rexd4 Rf2 32. Re3 Bd7 33. Nb7 Bf8 34. b4 Ra2 35. Nc5 Rh5+ 36. Kg1 Ra1+ 37. Kf2 Bf5 38. d6 Ra2+ 39. Re2 Rxe2+ 40. Kxe2 Bg4+ 41. Kd2 Bh6+ 42. Kc2 Rh2 43. Rxg4+ Kf7 44. Rh4 Rxg2+ 45. Kb3 Rxg3+ 46. Kc2 Bg7 47. Rxh7 Kg6 48. Rh4 Rc3+ 49. Kd2 Rxa3 50. Rg4+ Kf7 51. Rxg7+ Kxg7 52. d7 Ra8 53. Ne6+ Kf6 54. d8=Q+ Rxd8+ 55. Nxd8 Ke5 56. Nc6+ Kd5 57. Na5 Kd4 58. Kc2 Ke4 59. Kc3 Kd5 60. Nb3 Ke4 61. Nd4 Kd5 62. Nxb5 Kc6 63. Nd4+ Kb6 64. Kc4 1-0


[Site "https://www.chess.com"]

[Event "Titled Tuesday Blitz August 24 2021"]
[White "Melikhov, Evgeny V."]
[Black "Krysa, Leandro"]
[WhiteFideId "4122046"]
[BlackFideId "116807"]
[WhiteElo "1957"]
[BlackElo "2490"]
[Result "1/2-1/2"]
[Round "09"]
[TimeControl "180+1"]
[Date "2021.08.24"]
[WhiteClock "0:00:14"]
[BlackClock "0:00:08"]

1. d4 Nf6 2. c4 g6 3. Nc3 Bg7 4. e4 d6 5. f3 O-O 6. Be3 e5 7. d5 c6 8. Bd3 cxd5 9. cxd5 a6 10. Nge2 Nh5 11. O-O f5 12. exf5 gxf5 13. Kh1 Nd7 14. Bxf5 Rxf5 15. g4 Rf7 16. gxh5 Qh4 17. Ng3 Nf6 18. h6 Bxh6 19. Bxh6 Qxh6 20. Nce4 Bh3 21. Rg1 Kh8 22. Nxd6 Rd7 23. Nge4 Rad8 24. Nc4 Rxd5 25. Qe1 Bf5 26. Ne3 Bxe4 27. fxe4 Rd2 28. Rg2 Nxe4 29. Ng4 Qf4 30. Qf1 Rxg2 31. Qxf4 exf4 32. Kxg2 Rg8 33. Kf3 Nd2+ 34. Kxf4 Re8 35. Rd1 Re2 36. h4 Kg7 37. h5 Kf7 38. a4 Ke6 39. b4 Re4+ 40. Kg3 Nc4 41. Rd8 Nd6 42. Rh8 Nf5+ 43. Kf3 Rxb4 44. Rxh7 Nh4+ 45. Kg3 Nf5+ 46. Kf3 Rxa4 47. Rxb7 Nh4+ 48. Kg3 Nf5+ 49. Kf3 Nh4+ 50. Kg3 Nf5+ 51. Kf3 1/2-1/2


[Site "https://www.chess.com"]

[Event "Titled Tuesday Blitz August 24 2021"]
[White "Mezentsev, Ivan"]
[Black "Mirzanurov, Bulat"]
[WhiteFideId "13706195"]
[BlackFideId "4184521"]
[WhiteElo "2295"]
[BlackElo "2208"]
[Result "1-0"]
[Round "09"]
[TimeControl "180+1"]
[Date "2021.08.24"]
[WhiteClock "0:00:52"]
[BlackClock "0:00:03"]

1. d4 d5 2. Nf3 Nf6 3. Bf4 e6 4. e3 Bd6 5. Bg3 O-O 6. Nbd2 c5 7. c3 Qc7 8. dxc5 Qxc5 9. Bd3 Nbd7 10. Qe2 e5 11. e4 Re8 12. O-O-O d4 13. Nb3 Qc7 14. Kb1 dxc3 15. Rc1 a5 16. Rxc3 Qb6 17. Nbd2 a4 18. Nc4 Qc7 19. Ncxe5 Qb8 20. Nxd7 Bxd7 21. Bxd6 Qxd6 22. e5 Qb6 23. Qc2 Nd5 24. Bxh7+ Kh8 25. Rc4 a3 26. Rh4 axb2 27. Be4+ Kg8 28. Bxd5 Bf5 29. Qxf5 Rxa2 30. Qxf7# 1-0


[Site "https://www.chess.com"]

[Event "Titled Tuesday Blitz August 24 2021"]
[White "Mikhailovsky, Vladimir"]
[Black "Tsyhanchuk, Stanislav"]
[WhiteFideId "34105414"]
[BlackFideId "13505130"]
[WhiteElo "2697"]
[BlackElo "2397"]
[Result "0-1"]
[Round "09"]
[TimeControl "180+1"]
[Date "2021.08.24"]
[WhiteClock "0:00:02"]
[BlackClock "0:00:16"]

1. e4 c5 2. d4 cxd4 3. c3 Nf6 4. e5 Nd5 5. Nf3 Nc6 6. Bc4 Nb6 7. Bb3 d5 8. exd6 Qxd6 9. O-O Bf5 10. Na3 dxc3 11. Ng5 e6 12. Qf3 cxb2 13. Bxb2 Qd3 14. Qf4 Bd6 15. Qh4 Qe2 16. Bxg7 Rg8 17. Nxh7 Rxg7 18. Nf6+ Kf8 19. Qh8+ Ke7 20. Qxg7 Qe5 21. Nd5+ Nxd5 22. Qxe5 Bxe5 23. Rfe1 Bxa1 24. Rxa1 a6 25. Nc4 b5 26. Nd2 Nc3 27. Rc1 Nd4 0-1


[Site "https://www.chess.com"]

[Event "Titled Tuesday Blitz August 24 2021"]
[White "Moroni, Luca Jr"]
[Black "Trent, Lawrence"]
[WhiteFideId "865834"]
[BlackFideId "408638"]
[WhiteElo "2491"]
[BlackElo "2474"]
[Result "1-0"]
[Round "09"]
[TimeControl "180+1"]
[Date "2021.08.24"]
[WhiteClock "0:01:19"]
[BlackClock "0:01:23"]

1. d4 d5 2. c4 e5 3. dxe5 d4 4. Nf3 Nc6 5. g3 Nge7 6. Bg2 Ng6 7. Bg5 Qd7 8. O-O Ngxe5 9. Nxe5 Nxe5 10. Nd2 h6 11. Bf4 Ng6 12. Nf3 Nxf4 13. gxf4 Bc5 14. Ne5 Qe7 15. Qa4+ Kf8 16. Rad1 g5 17. Nxf7 Qxf7 18. b4 Qxc4 19. Rc1 Qxb4 20. Qc2 Bd6 21. Qg6 Be7 22. Bd5 1-0


[Site "https://www.chess.com"]

[Event "Titled Tuesday Blitz August 24 2021"]
[White "Nakamura, Hikaru"]
[Black "Fedoseev, Vladimir"]
[WhiteFideId "2016192"]
[BlackFideId "24130737"]
[WhiteElo "2900"]
[BlackElo "2756"]
[Result "1-0"]
[Round "09"]
[TimeControl "180+1"]
[Date "2021.08.24"]
[WhiteClock "0:00:31"]
[BlackClock "0:00:12"]

1. Nf3 g6 2. e4 Bg7 3. d4 d6 4. Bc4 Nf6 5. Qe2 O-O 6. e5 Ne8 7. h3 c5 8. dxc5 dxe5 9. Nxe5 Qa5+ 10. c3 Qxc5 11. Nf3 Nc6 12. Be3 Qh5 13. Nbd2 Nd6 14. Bb3 b6 15. O-O-O Bb7 16. Bg5 Rac8 17. Kb1 Ne5 18. g4 Nxf3 19. gxh5 Nxg5 20. Qxe7 Nge4 21. hxg6 Bf6 22. gxf7+ Kh8 23. Qd7 Rcd8 24. Qe6 Bc8 25. Qd5 Bb7 26. Qh5 Nxd2+ 27. Rxd2 Bxh1 28. Bc2 Be4 29. Bxe4 Nxe4 30. Rxd8 Bxd8 31. Qe5+ Nf6 32. Qb8 a5 33. Qg3 Rxf7 34. a4 Bc7 35. Qg5 Nd7 36. Ka2 Nc5 37. Qg4 Bd6 38. Qd4+ 1-0


[Site "https://www.chess.com"]

[Event "Titled Tuesday Blitz August 24 2021"]
[White "Nesterov, Arseniy"]
[Black "Weetik, Vjacheslav"]
[WhiteFideId "24198455"]
[BlackFideId "4153472"]
[WhiteElo "2477"]
[BlackElo "2469"]
[Result "1-0"]
[Round "09"]
[TimeControl "180+1"]
[Date "2021.08.24"]
[WhiteClock "0:00:05"]
[BlackClock "0:00:13"]

1. d4 d5 2. c4 e6 3. Nf3 c6 4. g3 Bd6 5. Bg2 f5 6. O-O Nf6 7. Nbd2 O-O 8. Ne1 b6 9. Nd3 a5 10. Qc2 Bb7 11. Nf3 Na6 12. a3 Rc8 13. c5 bxc5 14. dxc5 Bb8 15. b4 axb4 16. axb4 Nc7 17. Bb2 Nb5 18. Nd4 Nxd4 19. Bxd4 Nd7 20. Qb2 Qe7 21. b5 cxb5 22. Qxb5 Bc6 23. Qb2 Kh8 24. f4 Nf6 25. Ra6 Be8 26. Rc1 Bh5 27. c6 Ne4 28. Bxe4 fxe4 29. Bc5 Qe8 30. Bxf8 Qxf8 31. Ne5 h6 32. Nd7 Qd6 33. Nxb8 Rxb8 34. Rb6 Rc8 35. c7 Qd7 36. Rb8 Kh7 37. Rxc8 Qxc8 38. Qb8 Qa6 39. c8=Q Qxe2 40. Qg8+ Kg6 41. Qxe6+ Kh7 42. Qbg8# 1-0


[Site "https://www.chess.com"]

[Event "Titled Tuesday Blitz August 24 2021"]
[White "Obolentseva, Alexandra"]
[Black "Jeet, Jain"]
[WhiteFideId "24153648"]
[BlackFideId "5073022"]
[WhiteElo "2113"]
[BlackElo "2085"]
[Result "0-1"]
[Round "09"]
[TimeControl "180+1"]
[Date "2021.08.24"]
[WhiteClock "0:00:21"]
[BlackClock "0:00:10"]

1. d4 d5 2. c4 e6 3. Nc3 Be7 4. Nf3 Nf6 5. Bg5 h6 6. Bh4 O-O 7. e3 Nbd7 8. Bd3 b6 9. O-O Bb7 10. Qe2 Ne4 11. Bxe7 Qxe7 12. Nd2 f5 13. f3 Nxc3 14. bxc3 Kh8 15. e4 Qa3 16. cxd5 exd5 17. Nb3 c5 18. Bb5 Nf6 19. e5 Ne8 20. Bxe8 Raxe8 21. f4 Ba6 22. Qh5 Bxf1 23. Kxf1 c4 24. Nd2 Qxc3 25. Rd1 Qxd4 26. g3 c3 27. Nb3 Qc4+ 28. Qe2 Qxe2+ 29. Kxe2 Rd8 30. Nd4 Rf7 31. Kd3 Rc8 32. Rc1 g6 33. Rxc3 Rxc3+ 34. Kxc3 Rc7+ 35. Kd3 Kg8 36. h3 h5 37. Nb5 Rc4 38. Nd6 Ra4 39. Kc3 Kf8 40. Kb3 Ra5 41. a4 Rc5 42. Nb5 Rc1 43. Nd4 Rg1 44. e6 Rxg3+ 45. Kb4 Rxh3 46. Kb5 Ke7 47. Kc6 Rd3 48. Kxd5 Rxd4+ 49. Kxd4 Kxe6 50. Ke3 Kf6 51. Kf3 g5 52. Kg3 gxf4+ 53. Kxf4 a6 54. Kf3 b5 55. axb5 axb5 56. Kf4 b4 57. Kf3 b3 58. Kf4 b2 59. Kf3 b1=Q 60. Kf4 Qe4+ 61. Kg3 f4+ 62. Kf2 Qe3+ 63. Kf1 Qf3+ 64. Kg1 Qe2 65. Kh1 f3 66. Kg1 Qg2# 0-1


[Site "https://www.chess.com"]

[Event "Titled Tuesday Blitz August 24 2021"]
[White "Ovetchkin, Roman"]
[Black "Gracia Alvarez, Gerardo Antonio"]
[WhiteFideId "4119991"]
[BlackFideId "5109124"]
[WhiteElo "2432"]
[BlackElo "2148"]
[Result "1-0"]
[Round "09"]
[TimeControl "180+1"]
[Date "2021.08.24"]
[WhiteClock "0:02:04"]
[BlackClock "0:00:35"]

1. d4 d5 2. c4 c6 3. Nf3 Nf6 4. Qc2 dxc4 5. e4 b5 6. b3 cxb3 7. axb3 e6 8. Bd2 Be7 9. Bd3 Bb7 10. O-O Nbd7 11. Nc3 a6 12. e5 Nd5 13. Nxd5 cxd5 14. Bxh7 g5 15. h3 Kf8 16. Bd3 Kg7 17. Ba5 Qb8 18. Qd2 Rh5 19. Nh2 Qa7 20. Qe3 Rah8 21. Rac1 1-0


[Site "https://www.chess.com"]

[Event "Titled Tuesday Blitz August 24 2021"]
[White "Pakleza, Zbigniew"]
[Black "Polivanov, Anatoliy"]
[WhiteFideId "1119290"]
[BlackFideId "14109468"]
[WhiteElo "2767"]
[BlackElo "2589"]
[Result "1-0"]
[Round "09"]
[TimeControl "180+1"]
[Date "2021.08.24"]
[WhiteClock "0:00:45"]
[BlackClock "0:00:05"]

1. Nf3 f5 2. d4 Nf6 3. c4 g6 4. Nc3 Bg7 5. e3 O-O 6. Be2 d6 7. b4 a5 8. b5 e5 9. O-O e4 10. Nd2 Nbd7 11. a4 Re8 12. Ba3 Nf8 13. Qb3 h5 14. Rac1 Kh7 15. Rfd1 Ne6 16. b6 c6 17. d5 cxd5 18. Nxd5 Ng4 19. h3 Ne5 20. c5 dxc5 21. Bxc5 Nxc5 22. Rxc5 Be6 23. Nc4 Nc6 24. Nc7 Qe7 25. Qb5 Bf8 26. Nd6 Red8 27. Nxa8 Rxd6 28. Rxd6 Qxd6 29. Rc1 Qd2 30. Rd1 Qc2 31. Nc7 Bb3 32. Rd7+ Kh6 33. Bd1 Qc3 34. Bxb3 Qe1+ 35. Qf1 Qc3 36. Bg8 Bg7 37. Ne6 1-0


[Site "https://www.chess.com"]

[Event "Titled Tuesday Blitz August 24 2021"]
[White "Papasimakopoulos, Alexandros"]
[Black "Wagner, Dennis"]
[WhiteFideId "4244125"]
[BlackFideId "24650684"]
[WhiteElo "2352"]
[BlackElo "2355"]
[Result "1-0"]
[Round "09"]
[TimeControl "180+1"]
[Date "2021.08.24"]
[WhiteClock "0:00:35"]
[BlackClock "0:00:09"]

1. d4 Nf6 2. c4 e6 3. Nc3 Bb4 4. Qc2 d5 5. cxd5 exd5 6. Bg5 h6 7. Bh4 Nc6 8. e3 g5 9. Bg3 Ne4 10. Bb5 O-O 11. Ne2 Bf5 12. Bd3 Qe7 13. a3 Rad8 14. O-O Ba5 15. b4 Bxb4 16. Bxe4 Bxc3 17. Bxf5 Bxa1 18. Rxa1 Rfe8 19. Bd3 Rd7 20. Bb5 Qf6 21. Bxc6 Qxc6 22. Qxc6 bxc6 23. Rb1 f5 24. Nc3 f4 25. exf4 c5 26. dxc5 d4 27. c6 Rd6 28. fxg5 Rde6 29. f3 dxc3 30. Rc1 Rxc6 31. gxh6 c2 32. Kf2 Kh7 33. Bf4 a5 34. h4 a4 35. g4 Rb8 36. h5 Rb1 37. g5 Rxc1 38. Bxc1 Rd6 39. g6+ Kg8 40. h7+ Kg7 41. Bb2+ Kh6 42. h8=Q+ Kg5 43. Qe5+ Kh6 44. Bc1+ 1-0


[Site "https://www.chess.com"]

[Event "Titled Tuesday Blitz August 24 2021"]
[White "Pastar, Slaven"]
[Black "Petrovskyi, Vadym"]
[WhiteFideId "14402718"]
[BlackFideId "14165210"]
[WhiteElo "2150"]
[BlackElo "2334"]
[Result "1/2-1/2"]
[Round "09"]
[TimeControl "180+1"]
[Date "2021.08.24"]
[WhiteClock "0:00:08"]
[BlackClock "0:00:12"]

1. b3 e5 2. Bb2 Nc6 3. Nf3 d6 4. d4 exd4 5. Nxd4 Nf6 6. Nxc6 bxc6 7. g3 Bd7 8. Bg2 Be7 9. O-O O-O 10. c4 Rb8 11. Nc3 Re8 12. Qd2 Bf8 13. Rfd1 c5 14. Rac1 g6 15. Nd5 Bg7 16. Bxf6 Bxf6 17. Nxf6+ Qxf6 18. e3 Rb6 19. Qa5 a6 20. Rd2 h5 21. h4 Bf5 22. Qc3 Qxc3 23. Rxc3 Be4 24. Bxe4 Rxe4 25. f3 Re8 26. e4 a5 27. Kf2 a4 28. bxa4 Ra8 29. Ra3 Rba6 30. Rb2 Kg7 31. Rb7 Rxa4 32. Rxa4 Rxa4 33. Rxc7 Rxc4 34. Rc6 Rd4 35. Ke3 Kf8 36. e5 dxe5 37. Rxc5 f6 38. Ra5 Ke7 39. f4 Ke6 40. fxe5 fxe5 41. Ra8 Kf5 42. a4 Rb4 43. a5 Rb3+ 44. Kf2 Ra3 45. a6 Kg4 46. a7 Ra2+ 47. Ke3 Kxg3 48. Rg8 Rxa7 49. Rxg6+ Kxh4 50. Ke4 Ra5 51. Kf3 Ra4 52. Re6 Rf4+ 53. Ke3 Rf5 54. Ke4 Rg5 55. Kf3 Kh3 56. Ra6 h4 57. Ra2 Rg3+ 58. Ke4 Rg4+ 59. Kxe5 Kg3 60. Ra3+ Kh2 61. Kf5 Rg3 62. Ra1 h3 63. Kf4 Rg2 64. Kf3 Rb2 65. Rc1 Rb3+ 66. Kf2 Rb2+ 67. Kf3 Rg2 68. Rb1 Rg1 69. Rb2+ Kh1 70. Ra2 Rg6 71. Ra1+ Rg1 72. Ra2 Rc1 73. Rb2 Rc3+ 74. Kf2 Kh2 75. Kf1+ Kh1 76. Kf2 Rc1 77. Rd2 h2 78. Kg3 Rc3+ 79. Kf2 Rc1 80. Kg3 Kg1 81. Rg2+ Kf1 82. Rxh2 Rc3+ 83. Kg4 Kg1 84. Rh3 Rc4+ 85. Kg5 Kg2 86. Rh4 Rc5+ 87. Kg6 Kg3 88. Rh5 Rc6+ 89. Kf7 Kg4 90. Rd5 Kf4 91. Ke7 Ke4 92. Rd7 Ke5 93. Kd8 Ra6 94. Re7+ Kf6 95. Rd7 Ra8+ 96. Kc7 Ke6 97. Rd6+ Ke5 98. Rd8 Rxd8 99. Kxd8 1/2-1/2


[Site "https://www.chess.com"]

[Event "Titled Tuesday Blitz August 24 2021"]
[White "Pavlov, Danila"]
[Black "Gelman, Alexander"]
[WhiteFideId "34126594"]
[BlackFideId "4118316"]
[WhiteElo "2687"]
[BlackElo "2581"]
[Result "1-0"]
[Round "09"]
[TimeControl "180+1"]
[Date "2021.08.24"]
[WhiteClock "0:00:13"]
[BlackClock "0:00:10"]

1. e4 c5 2. Nf3 e6 3. d4 cxd4 4. Nxd4 d6 5. Nc3 a6 6. Be3 Nf6 7. f4 b5 8. Qf3 Bb7 9. Bd3 Nbd7 10. g4 b4 11. Nd1 g6 12. g5 Nh5 13. Nf2 Bg7 14. O-O-O e5 15. Ne2 exf4 16. Nxf4 Ne5 17. Qe2 Nxf4 18. Bxf4 O-O 19. h4 a5 20. Bxe5 Bxe5 21. Ng4 Qe7 22. Kb1 a4 23. Nxe5 Qxe5 24. Qh2 Qg7 25. Qxd6 a3 26. Qf6 Qxf6 27. gxf6 axb2 28. Kxb2 Rfe8 29. Rhe1 Re5 30. Bc4 Rxe4 31. Rxe4 Bxe4 32. Rd7 Rf8 33. Re7 Bf5 34. Kb3 h6 35. Rb7 g5 36. hxg5 hxg5 37. Rb5 Bg6 38. Rxg5 Kh7 39. Rb5 Kh6 40. Rxb4 Kg5 41. Rb6 Re8 42. a4 Re3+ 43. c3 Re1 44. Kb4 Rb1+ 45. Kc5 Rc1 46. Kb4 Rb1+ 47. Bb3 Bc2 48. Ka3 Bxb3 49. Rxb3 Ra1+ 50. Kb4 Kxf6 51. a5 Ke5 52. c4 Kd4 53. Kb5 f5 54. c5 f4 55. c6 Rc1 56. a6 Rc3 57. Rxc3 Kxc3 58. c7 f3 59. c8=Q+ 1-0


[Site "https://www.chess.com"]

[Event "Titled Tuesday Blitz August 24 2021"]
[White "Perez Gormaz, Matias"]
[Black "Reprintsev, Alexander"]
[WhiteFideId "3406342"]
[BlackFideId "14100541"]
[WhiteElo "2352"]
[BlackElo "2126"]
[Result "0-1"]
[Round "09"]
[TimeControl "180+1"]
[Date "2021.08.24"]
[WhiteClock "0:01:26"]
[BlackClock "0:01:12"]

1. e4 d5 2. exd5 Qxd5 3. Nc3 Qa5 4. d4 Nf6 5. Nf3 Nc6 6. Bb5 Ne4 7. O-O Nxc3 8. Bxc6+ bxc6 9. Qe1 Ba6 10. bxc3 Bxf1 11. Kxf1 e6 12. Ne5 Bd6 13. Nd3 O-O 14. Kg1 c5 15. Bd2 c4 16. Nb2 Qb5 17. Bc1 Rab8 18. Qe2 c5 19. a4 Qa6 20. Qxc4 Qc8 21. Qd3 cxd4 22. cxd4 e5 23. Nc4 e4 24. Qe2 Bc7 25. d5 Rd8 26. Qxe4 Re8 0-1


[Site "https://www.chess.com"]

[Event "Titled Tuesday Blitz August 24 2021"]
[White "Ponikarovsky, Alexey"]
[Black "Stoyanov, Tsvetan"]
[WhiteFideId "4122887"]
[BlackFideId "2917173"]
[WhiteElo "2752"]
[BlackElo "2587"]
[Result "0-1"]
[Round "09"]
[TimeControl "180+1"]
[Date "2021.08.24"]
[WhiteClock "0:00:29"]
[BlackClock "0:00:09"]

1. e4 c5 2. d4 cxd4 3. Nf3 Nf6 4. e5 Nd5 5. Bc4 e6 6. Bxd5 exd5 7. Qxd4 Nc6 8. Qxd5 d6 9. O-O dxe5 10. Qxd8+ Kxd8 11. Nc3 f6 12. h3 Be6 13. Rd1+ Ke8 14. Nb5 Rc8 15. Be3 a6 16. Nd6+ Bxd6 17. Rxd6 Kf7 18. Rad1 Rhd8 19. a3 Rxd6 20. Rxd6 Ne7 21. Rb6 Rc7 22. Ne1 Nd5 23. Rb3 b5 24. Rd3 f5 25. Bd2 Kf6 26. Ba5 Rc8 27. c3 f4 28. f3 g5 29. Nc2 Ne7 30. Bd8 Kf7 31. Bxe7 Kxe7 32. Nb4 a5 33. Nd5+ Kf7 34. Nb6 Rc7 35. Kf2 Rb7 36. Rd6 Ke7 37. Rc6 h5 38. Ke2 g4 39. hxg4 hxg4 40. Kd3 Bf5+ 41. Kd2 Be6 42. Kd3 Bf5+ 43. Kd2 gxf3 44. gxf3 Be6 45. Nc8+ Bxc8 46. Rxc8 b4 47. axb4 axb4 48. c4 Rd7+ 49. Ke2 Rb7 50. b3 Ke6 51. Rc6+ Kf5 52. Rc5 Ra7 53. Rb5 Ra2+ 54. Ke1 Ra1+ 55. Ke2 Ra2+ 56. Kd3 Rf2 57. Rxb4 Rxf3+ 58. Kd2 Rf2+ 59. Kd3 e4+ 60. Kc3 e3 61. Rb8 Kg4 62. c5 Rf1 63. Re8 Rc1+ 64. Kd4 Kf3 65. b4 e2 66. b5 e1=Q 67. Rxe1 Rxe1 68. b6 Rb1 69. Kd5 Kg2 70. Kc6 f3 71. b7 f2 0-1


[Site "https://www.chess.com"]

[Event "Titled Tuesday Blitz August 24 2021"]
[White "Postny, Evgeny"]
[Black "Borsuk, Konstantin"]
[WhiteFideId "2804344"]
[BlackFideId "14113406"]
[WhiteElo "2741"]
[BlackElo "2609"]
[Result "0-1"]
[Round "09"]
[TimeControl "180+1"]
[Date "2021.08.24"]
[WhiteClock "0:00:01"]
[BlackClock "0:00:05"]

1. c4 Nf6 2. Nc3 c5 3. g3 g6 4. Bg2 Bg7 5. Nf3 O-O 6. O-O Nc6 7. d4 cxd4 8. Nxd4 a6 9. b3 Nxd4 10. Qxd4 d5 11. Bb2 Ne4 12. Qd3 Bf5 13. Nxe4 Bxb2 14. Rab1 Bxe4 15. Bxe4 dxe4 16. Qxd8 Rfxd8 17. Rxb2 f5 18. Rc1 Kf7 19. Kf1 Kf6 20. Ke1 Rac8 21. Rd2 Rxd2 22. Kxd2 g5 23. Kc3 Rd8 24. b4 f4 25. gxf4 gxf4 26. Rg1 e5 27. a4 h5 28. h4 f3 29. Re1 Kf5 30. c5 Kg4 31. exf3+ Kxf3 32. Re3+ Kf4 33. b5 axb5 34. axb5 Rd1 35. Kb4 Rf1 36. Re2 Kf3 37. Re3+ Kf4 38. Re2 Kf3 39. Rc2 Rxf2 40. Rxf2+ Kxf2 41. c6 bxc6 42. bxc6 e3 43. c7 e2 44. c8=Q e1=Q+ 45. Kb5 Qe2+ 46. Kb6 Qb2+ 47. Ka7 Qd4+ 48. Ka8 Ke3 49. Qh3+ Kd2 50. Qg2+ Ke1 51. Qg3+ Ke2 52. Qg2+ Qf2 53. Qe4+ Qe3 54. Qg2+ Kd3 55. Qd5+ Kc3 56. Qc6+ Kd4 57. Qd7+ Ke4 58. Qa4+ Qd4 0-1


[Site "https://www.chess.com"]

[Event "Titled Tuesday Blitz August 24 2021"]
[White "Potapova, Margarita"]
[Black "Sonis, Francesco"]
[WhiteFideId "14126869"]
[BlackFideId "895733"]
[WhiteElo "2589"]
[BlackElo "2709"]
[Result "0-1"]
[Round "09"]
[TimeControl "180+1"]
[Date "2021.08.24"]
[WhiteClock "0:00:02"]
[BlackClock "0:00:44"]

1. d4 Nf6 2. c4 g6 3. Nc3 d5 4. cxd5 Nxd5 5. e4 Nxc3 6. bxc3 Bg7 7. Be3 c5 8. Nf3 O-O 9. Be2 Qa5 10. O-O Qxc3 11. Rc1 Qa3 12. Rxc5 b6 13. Rc1 Bb7 14. d5 Na6 15. Bd4 Bh6 16. Rc3 Qxa2 17. Bc4 Qa5 18. Rb3 Rac8 19. Be2 Qa4 20. Bb5 Qa5 21. Be2 Rc1 22. Qd3 Rxf1+ 23. Bxf1 Nc5 24. Bxc5 Qxc5 25. Rc3 Qd6 26. Nd4 Qd7 27. Nc6 Bg7 28. Rc1 e6 29. dxe6 Qxe6 30. Nd8 Qxe4 31. Qd7 Ba8 32. Rc8 Bd5 33. h3 Bd4 34. Nb7 Bxb7 35. Rxf8+ Kxf8 36. Qd8+ Kg7 37. Qd6 Qe5 38. Qd7 Qd5 39. Qe7 Qc5 40. Qh4 a5 41. Qf4 a4 42. h4 h5 43. Qg3 a3 44. Qh3 a2 45. Qg3 a1=Q 46. Qf4 Bxf2+ 47. Kh2 Qae5 48. Qxe5+ Qxe5+ 49. g3 Qxg3# 0-1


[Site "https://www.chess.com"]

[Event "Titled Tuesday Blitz August 24 2021"]
[White "Prraneeth Vuppala"]
[Black "Laurusas, Tomas"]
[WhiteFideId "46622373"]
[BlackFideId "12803731"]
[WhiteElo "1759"]
[BlackElo "2542"]
[Result "0-1"]
[Round "09"]
[TimeControl "180+1"]
[Date "2021.08.24"]
[WhiteClock "0:00:07"]
[BlackClock "0:00:25"]

1. e4 c6 2. d4 d5 3. exd5 cxd5 4. Bd3 Nf6 5. Bf4 Qb6 6. Na3 a6 7. Rb1 Bg4 8. f3 Bh5 9. Ne2 Nc6 10. c3 Bg6 11. Nc2 e6 12. O-O Nh5 13. Kh1 Nxf4 14. Nxf4 Bd6 15. Nh3 Qc7 16. f4 Bxd3 17. Qxd3 O-O 18. Ng5 g6 19. Qh3 h5 20. g3 Ne7 21. Ne3 Kg7 22. Rbe1 Rh8 23. Ng2 Qd7 24. Nh4 b5 25. Re2 b4 26. Rfe1 Nf5 27. Rxe6 fxe6 28. Nxe6+ Kh6 29. Nxf5+ gxf5 30. Qxf5 Rhg8 31. Qxd5 Rae8 32. f5 bxc3 33. bxc3 Re7 34. f6 Rf7 35. Qf5 Qc6+ 36. Re4 Qxc3 37. Rh4 Qe1+ 38. Kg2 Qe2+ 39. Kh3 Rg6 40. Nf4 Bxf4 41. Qxf4+ Rg5 42. d5 Kg6 43. d6 Rxf6 44. Qc1 Rf2 45. Qb1+ Kh6 46. Qh1 Qe6+ 47. g4 Qe3+ 0-1


[Site "https://www.chess.com"]